 Dungeon Crawl Stone Soup version 0.21-a0-344-g2144152 (webtiles) character file.

37 tidbits the Ducker (level 3, 0/14 HPs)
             Began as a Felid Venom Mage on Oct 4, 2017.
             Slain by Terence
             ... wielding a +0 flail
              (7 damage)
             ... on level 2 of the Dungeon.
             The game lasted 00:05:27 (686 turns).

tidbits the Ducker (Felid Venom Mage)                Turns: 686, Time: 00:05:27

Health: 0/14       AC:  1    Str:  4    XL:     3   Next: 21%
Magic:  5/7        EV: 18    Int: 17    God:
Gold:   54         SH:  0    Dex: 16    Spells: 3/6 levels left
                                        Lives:  0   Deaths: 0

rFire    . . .     SeeInvis +     - Unarmed
rCold    . . .     Gourm    .   (shield unavailable)
rNeg     . . .     Faith    .   (armour unavailable)
rPois    .         Spirit   .   (helmet unavailable)
rElec    .         Reflect  .   (cloak unavailable)
rCorr    .         Harm     .   (gloves unavailable)
MR       .....                  (boots unavailable)
Stlth    +++.......             (no amulet)
HPRegen  0.04/turn              (no ring)
MPRegen  0.10/turn              (no ring)

@: quick
A: no armour, no weapons or thrown items, stealth, claws 1, fangs 3, see
invisible, carnivore 3, speed 1, shaggy fur 1, slow metabolism 1, sharp paws
a: no special abilities


You were on level 2 of the Dungeon.
You were not hungry.

You visited 1 branch of the dungeon, and saw 3 of its levels.

You collected 54 gold pieces.

Inventory:

Missiles
 d - 49 arrows
Wands
 g - a wand of paralysis (7/24)
Potions
 e - a potion of haste {unknown}
Books
 a - a Young Poisoner's Handbook

   Spells                             Type                      Level
   a - Sting                          Conjuration/Poison           1
   b - Poisonous Vapours              Poison/Air                   2
   c - Mephitic Cloud                 Conjuration/Poison/Air       3
   d - Olgreb's Toxic Radiance        Poison                       4
   e - Venom Bolt                     Conjuration/Poison           5
Comestibles
 b - 2 meat rations
 c - a royal jelly


   Skills:
 - Level 2.8 Dodging
 - Level 2.8 Stealth
 + Level 2.6 Unarmed Combat
 - Level 2.0 Spellcasting
 - Level 1.0 Conjurations
 - Level 2.7 Poison Magic


You had 3 spell levels left.
You knew the following spells:

 Your Spells              Type           Power        Failure   Level  Hunger
p - Poisonous Vapours     Pois/Air       #.....       17%         2    ###....
z - Sting                 Conj/Pois      #...         9%          1    #......


Dungeon Overview and Level Annotations

Branches:
Dungeon (3/15)

Altars:
Trog

Annotations:
D:2 Terence


Innate Abilities, Weirdness & Mutations

You cannot wear armour.
You are incapable of wielding weapons or throwing items.
Your paws allow you to move quietly. (Stealth)
You have sharp claws.
You have razor-sharp teeth.
You have supernaturally acute eyesight. (SInv)
You are carnivorous and can eat meat at any time.
You cover ground quickly.
You are covered in fur. (AC +1)
You have a slow metabolism.
Your sharp claws are effective at attacking unaware monsters.


Message History

Press: ? - help, Shift-Dir - straight line, f - quokka
Aim: a quokka The sting hits the quokka.
The quokka is heavily wounded.
You scratch the quokka but do no damage.
The quokka is heavily wounded.
The quokka barely misses you.
You barely miss the quokka. Your bite misses the quokka.
The quokka is heavily wounded.
The quokka twitches its whiskers.
The quokka barely misses you.
You scratch the quokka but do no damage.
The quokka is heavily wounded.
The quokka bites you.
* * * LOW HITPOINT WARNING * * *
You closely miss the quokka.
The quokka is heavily wounded.
The quokka misses you. The quokka barely misses you.
You scratch the quokka.
You kill the quokka!
You open the door. 2 kobolds come into view.
The kobold shouts! x2
The kobold throws a stone.
The stone closely misses you.
Found a scroll labeled YBRADW GOLUOTO.
Casting: Sting
Confirm with . or Enter, or press ? or * to list all spells.
Aiming: Sting
Press: ? - help, Shift-Dir - straight line, f - kobold
Aim: a kobold, wielding a dagger The sting hits the kobold.
The kobold is moderately wounded.
The kobold throws a stone.
The stone misses you.
The kobold throws a stone.
The stone hits you.
* * * LOW HITPOINT WARNING * * *
The kobold moves out of view.
You see here a stone.
Casting: Sting
Confirm with . or Enter, or press ? or * to list all spells.
Aiming: Sting
Press: ? - help, Shift-Dir - straight line, f/p - kobold
Aim: a kobold, wielding a dagger (moderately wounded)
The sting misses the kobold.
Casting: Sting
Confirm with . or Enter, or press ? or * to list all spells.
Aiming: Poisonous Vapours
Press: ? - help, Dir - move target cursor, f/p - kobold
Aim: a kobold, wielding a dagger (moderately wounded)
You miscast Poisonous Vapours.
You are very lightly contaminated with residual magic.
Nothing appears to happen.
The kobold throws a stone.
The stone closely misses you.
Casting: Poisonous Vapours
Confirm with . or Enter, or press ? or * to list all spells.
Aiming: Poisonous Vapours
Press: ? - help, Dir - move target cursor, f/p - kobold
Aim: a kobold, wielding a dagger (moderately wounded) Poisonous vapours surround the kobold!
The kobold is engulfed in poison gas.
The kobold is poisoned.
You kill the kobold!
You see here a stone.
The kobold throws a stone.
The stone closely misses you.
The kobold throws a stone.
The stone hits you but does no damage.
You see here a stone.
Found a stone staircase leading up.
Casting: Poisonous Vapours
Confirm with . or Enter, or press ? or * to list all spells.
Aiming: Poisonous Vapours
Press: ? - help, Dir - move target cursor, f - kobold
Aim: a kobold, wielding a short sword Poisonous vapours surround the kobold!
The kobold is engulfed in poison gas.
The kobold is poisoned.
You barely miss the kobold.
The kobold is heavily wounded.
The kobold barely misses you.
You scratch the kobold.
You kill the kobold!
Your magical contamination has completely faded away.
Things that are here:
a short sword; 3 stones
There is a stone staircase leading up here.
You can't go up here!
There is a stone staircase leading up here.
You climb upwards.
Found a mace and a royal jelly.
There is a stone staircase leading down here.
Found 11 poisoned needles and a scroll of random uselessness.
You see here a mace.
c - a royal jelly
There is a stone staircase leading down here.
There is a stone staircase leading down here.
You climb downwards.
Level annotation: Terence
There is a stone staircase leading up here.
The helpless Terence fails to defend himself.
You claw Terence!
Terence is heavily wounded.
Terence hits you with a flail!
Ouch! That really hurt!
You die...

..............#,.,,,,,*
)...##...####%#.#****,*
#.#.##...####.#.####*,*
#.#................#*.#
#.....#.#####.#.##.##.#
###.#.#.#####.#,,.....##
,...#.#.......##*#.#...##
#####.##.......##@......##
#.*#.......#@#.......#*
##.##........#.........*
####...........##.........*
.......#........#<........*
######.#.......#.........#*
#.#.......##.#.....##
#.##########.##...## #.#
#.#*#### **** #.# #.#


You could see Terence.

Vanquished Creatures
  A worm (D:3)
  2 dart slugs (D:1)
  A leopard gecko (D:2)
  An orc (D:3)
  2 bats
  6 goblins
  3 hobgoblins
  A quokka (D:2)
  3 frilled lizards
  5 kobolds
  2 rats (D:1)
27 creatures vanquished.

Notes
Turn   | Place    | Note
-------+----------+-------------------------------------------
     0 | D:1      | tidbits the Felid Venom Mage began the quest for the Orb.
     0 | D:1      | Reached XP level 1. HP: 7/7 MP: 4/4
    32 | D:1      | Reached skill level 1 in Conjurations
    59 | D:1      | Reached skill level 1 in Unarmed Combat
    91 | D:1      | Reached XP level 2. HP: 5/11 MP: 0/6
   147 | D:1      | Learned a level 2 spell: Poisonous Vapours
   288 | D:2      | Found a bloodstained altar of Trog.
   315 | D:2      | Reached skill level 2 in Unarmed Combat
   451 | D:3      | Reached XP level 3. HP: 14/14 MP: 3/7
   578 | D:2      | Noticed Terence
   686 | D:2      | Slain by Terence

Vault maps used:
D:1:      lightli_arrival_statue_moat
D:2:      lemuel_doored_altar, kennysheep_generic_room_11, uniq_terence
D:3:      minmay_wonky_spiral, item_on_display_a

Skill      XL: |  1  2 |
---------------+-------+-----
Conjurations   | 1 |  1.0
Unarmed Combat | 1 2 |  2.6
Dodging        | |  2.8
Stealth        | |  2.8
Spellcasting   | |  2.0
Poison Magic   | |  2.7

Action                   || total
-------------------------++-------
Melee: Unarmed           ||    49
       Bite              ||     2
 Cast: Sting             ||    34
       Poisonous Vapours ||     5
  Use: Scroll            ||     3
 Stab: Sleeping          ||     1
Armor: Skin              ||     4
Dodge: Dodged            ||    32

Table legend:
 A = Spawn XP
 B = Non-spawn XP
 C = Spawn XP percentage of total XP
 D = Spawn monster count
 E = Non-spawn monster count
 F = Spawn count percentage of total count
 G = Total turns spent on level
                    A         B        C        D         E        F      G
               +---------+---------+-------+---------+---------+-------+---------
         Total |       0 |      53 |   0.0 |       0 |      27 |   0.0 |   686
               +---------+---------+-------+---------+---------+-------+---------
           D:1 |       0 |      23 |   0.0 |       0 |      12 |   0.0 |   293
           D:2 |       0 |      22 |   0.0 |       0 |      13 |   0.0 |   339
           D:3 |       0 |       8 |   0.0 |       0 |       2 |   0.0 |    54
               +---------+---------+-------+---------+---------+-------+---------

Table legend:
 A = Turns spent in this place as a percentage of turns spent in the entire game.
 B = Non-inter-level travel turns spent in this place as a percentage of non-inter-level travel turns spent in the entire game.
 C = Inter-level travel turns spent in this place as a percentage of turns spent in this place.
 D = Turns resting spent in this place as a percentage of non-inter-level travel turns spent in this place.
 E = Turns spent auto-exploring this place as a percentage of non-inter-level travel turns spent in this place.
 F = Non-inter-level travel turns spent in this place divided by the number of levels of this place that you've seen.
                   A       B       C       D       E      F
               +-------+-------+-------+-------+-------+----------------------
         Total | 100.0 | 100.0 |   1.9 |   0.0 |   0.0 | 224.3
       Dungeon | 100.0 | 100.0 |   1.9 |   0.0 |   0.0 | 224.3
               +-------+-------+-------+-------+-------+----------------------

Table legend:
 A = Kills in this place as a percentage of kills in entire the game.
 B = Kills by you in this place as a percentage of kills by you in the entire game.
 C = Kills by friends in this place as a percentage of kills by friends in the entire game.
 D = Other kills in this place as a percentage of other kills in the entire game.
 E = Experience gained in this place as a percentage of experience gained in the entire game.
 F = Experience gained in this place divided by the number of levels of this place that you have seen.
                   A       B       C       D       E      F
               +-------+-------+-------+-------+-------+----------------------
         Total | 100.0 | 100.0 |   N/A |   N/A | 100.0 |  17.7
       Dungeon | 100.0 | 100.0 |   N/A |   N/A | 100.0 |  17.7
               +-------+-------+-------+-------+-------+----------------------

Vault maps used:
D:1:      lightli_arrival_statue_moat
D:2:      lemuel_doored_altar, kennysheep_generic_room_11, uniq_terence
D:3:      minmay_wonky_spiral, item_on_display_a
